 Dungeon Sprint DCSS version 0.19-a0-1587-gaef70b6 (webtiles) character file.

4125 poirepourri the Imperceptible (level 10, -9/66 HPs)
             Began as a Spriggan Enchanter on Sept 16, 2016.
             Was a Believer of Dithmenos.
             Mangled by a demonic crawler (10 damage)
             ... in the Dungeon (Sprint I: "Red Sonja").
             The game lasted 00:03:57 (1279 turns).

poirepourri the Imperceptible (Spriggan Enchanter)  Turns: 1279, Time: 00:03:58

Health: -9/66      AC:  2    Str:  9    XL:     10   Next: 6%
Magic:  22/26      EV: 26    Int: 16    God:    Dithmenos [**....]
Gold:   784        SH:  0    Dex: 19    Spells: 5 memorised, 20 levels left

rFire  . . .     SeeInvis +     j - +1 dagger (drain)
rCold  + . .     Gourm    .     r - +0 robe {rC+}
rNeg   . . .     Faith    .     (shield restricted)
rPois  .         Spirit   .     (helmet restricted)
rElec  .         Dismiss  .     (no cloak)
rCorr  .         Reflect  .     (gloves unavailable)
MR     +....     Harm     .     (boots unavailable)
Stlth  .......... NoTele   +    (no amulet)
                                (no ring)
                                (no ring)

@: berserking (expiring), wreathed by umbra, very quick
A: unfitting armour, see invisible, dopey 1, herbivore 3, speed 3, slow
metabolism 2
a: Shadow Step, Renounce Religion


You were in the Dungeon.
You worshipped Dithmenos.
Dithmenos was pleased with you.
You were not hungry.

You visited 1 branch You collected 957 gold pieces.
You spent 173 gold pieces at shops.

Inventory:

Hand Weapons
 a - a +1 dagger
 j - a +1 dagger of draining (weapon)
 o - a +8 blowgun
Missiles
 q - 9 curare-tipped needles
Armour
 b - a +1 robe
 r - a +0 robe of cold resistance (worn)
 s - a +0 buckler
Potions
 e - 3 potions of curing
 g - a potion of haste
 l - a potion of invisibility {unknown}
 t - 2 potions of cancellation
Books
 c - a book of Maledictions

   Spells                             Type                      Level
   a - Corona                         Hexes                        1
   b - Ensorcelled Hibernation        Hexes/Ice                    2
   c - Confuse                        Hexes                        3
   d - Tukima's Dance                 Hexes                        3
   e - Dazzling Spray                 Conjuration/Hexes            3
Comestibles
 d - a bread ration
 m - a slice of pizza


   Skills:
 + Level 0.1 Fighting
 + Level 6.3 Short Blades
 + Level 9.3 Dodging
 + Level 21.4 Stealth
 + Level 11.5 Spellcasting
 + Level 15.0 Hexes
 - Level 1.3 Ice Magic


You had 20 spell levels left.
You knew the following spells:

 Your Spells              Type           Power        Failure   Level  Hunger
a - Corona                Hex            ######.      1%          1    None
b - Ensorcelled Hibernat  Hex/Ice        #####.       1%          2    None
c - Confuse               Hex            ######..     1%          3    None
d - Tukima's Dance        Hex            ######..     1%          3    None
e - Dazzling Spray        Conj/Hex       ####..       1%          3    None


Dungeon Overview and Level Annotations

Branches:
Dungeon (1/1)

Altars:
Cheibriados
Dithmenos
Elyvilon
Fedhas
Gozag
Hepliaklqana
Kikubaaqudgha
Makhleb
Nemelex Xobeh
Okawaru
Qazlal
Ru
Sif Muna
Trog
Uskayaw
Vehumet
Xom
Yredelemnul
Zin
The Shining One
Jiyva
Lugonu

Shops:
D (*[


Innate Abilities, Weirdness & Mutations

You are tiny and cannot use many weapons and most armour.
You have supernaturally acute eyesight. (SInv)
You are a herbivore.
You cover ground extremely quickly.
You need consume almost no food.
You are dopey. (Int -2)


Message History

You hit the demonic crawler.
The demonic crawler is heavily wounded.
You hit the demonic crawler.
The demonic crawler is heavily wounded.
The demonic crawler barely misses you.
The demonic crawler completely misses you. x2
You hit the demonic crawler but do no damage.
The demonic crawler is heavily wounded.
The demonic crawler barely misses you.
The demonic crawler completely misses you.
The demonic crawler hits you!
* * * LOW HITPOINT WARNING * * *
You are too berserk!
You hit the demonic crawler.
The demonic crawler is severely wounded.
You puncture the demonic crawler!
The demonic crawler is severely wounded.
The demonic crawler completely misses you.
The demonic crawler hits you!
You die...

#####'#####'#__####)..'..#
####..#...#.####..#####..+
#__####..##)#≈§§s§#..# +##
#_____##'#s.'≈§§§§'.†#
#_.∩...'.s._#≈≈≈.§#§.#
#_..__##_.#'##'#####'#
#_____###+#.#..[[###.+
#########.####'###[###
.......'..)+..ss@')∩#
++++####...########## G...
###.### .... #.#'#.# #..G
#.....# .... #..(..# G..#
####### ...


You could see 2 demonic crawlers.

Vanquished Creatures
  2 centaur warriors (D)
  Sonja (D)
  A deep troll (D)
  An oklob plant (D)
  2 kobold demonologists (D)
  A slime creature (D)
  Sigmund (D)
  A yak (D)
  A floating eye (D)
  A wasp (D)
  An ogre (D)
  A jelly (D)
  Ijyb (D)
  5 ballistomycetes (D)
  A ballistomycete spore (D)
21 creatures vanquished.

Vanquished Creatures (others)
  A gargoyle (D)
  A ballistomycete spore (D)
2 creatures vanquished.

Grand Total: 23 creatures vanquished

Notes
Turn   | Place    | Note
-------+----------+-------------------------------------------
     0 | D        | poirepourri the Spriggan Enchanter began the quest for the Orb.
     0 | D        | Reached XP level 1. HP: 9/9 MP: 5/5
     1 | D        | Noticed Ijyb
     4 | D        | Killed Ijyb
     4 | D        | Reached skill level 5 in Dodging
     4 | D        | Reached skill level 8 in Stealth
     4 | D        | Reached XP level 2. HP: 13/13 MP: 6/6
    11 | D        | Learned a level 2 spell: Ensorcelled Hibernation
    11 | D        | Noticed an ogre
    26 | D        | Killed an ogre
    26 | D        | Reached skill level 10 in Stealth
    26 | D        | Reached XP level 3. HP: 16/16 MP: 5/10
    26 | D        | Reached XP level 4. HP: 21/21 MP: 5/11
    55 | D        | Learned a level 3 spell: Confuse
    58 | D        | Killed a gargoyle
    59 | D        | Learned a level 3 spell: Tukima's Dance
    63 | D        | Learned a level 3 spell: Dazzling Spray
   128 | D        | Noticed Sigmund
   131 | D        | Killed Sigmund
   131 | D        | Reached skill level 12 in Stealth
   131 | D        | Reached XP level 5. HP: 24/24 MP: 11/14
   131 | D        | Reached XP level 6. HP: 28/28 MP: 12/16
   146 | D        | Found a deep blue altar of Sif Muna.
   148 | D        | Found a radiant altar of Vehumet.
   192 | D        | Found Omiel's General Store.
   192 | D        | Found an ancient bone altar of Kikubaaqudgha.
   192 | D        | Found a hazy altar of Hepliaklqana.
   192 | D        | Found a stormy altar of Qazlal.
   192 | D        | Found a hide-covered altar of Uskayaw.
   192 | D        | Found a blossoming altar of Fedhas.
   192 | D        | Found a bloodstained altar of Trog.
   192 | D        | Found an iron altar of Okawaru.
   192 | D        | Found a basalt altar of Yredelemnul.
   192 | D        | Found a glowing golden altar of the Shining One.
   192 | D        | Found a snail-covered altar of Cheibriados.
   192 | D        | Found a sacrificial altar of Ru.
   192 | D        | Found a glowing silver altar of Zin.
   192 | D        | Found a shadowy altar of Dithmenos.
   192 | D        | Found a white marble altar of Elyvilon.
   192 | D        | Noticed a yak
   193 | D        | Found an opulent altar of Gozag.
   194 | D        | Killed a yak
   194 | D        | Reached skill level 14 in Stealth
   194 | D        | Reached skill level 10 in Hexes
   195 | D        | Found a sparkling altar of Nemelex Xobeh.
   203 | D        | Became a worshipper of Dithmenos the Shadowed
   221 | D        | Found a burning altar of Makhleb.
   221 | D        | Found a viscous altar of Jiyva.
   221 | D        | Found a shimmering altar of Xom.
   221 | D        | Found a corrupted altar of Lugonu.
   221 | D        | Noticed a slime creature
   224 | D        | Killed a slime creature
   224 | D        | Reached skill level 1 in Ice Magic
   224 | D        | Reached XP level 7. HP: 32/32 MP: 19/19
   247 | D        | Noticed Sonja
   251 | D        | Killed Sonja
   251 | D        | Reached skill level 16 in Stealth
   251 | D        | Reached XP level 8. HP: 36/36 MP: 20/22
   377 | D        | Noticed a deep troll
   381 | D        | Killed a deep troll
   381 | D        | Reached * piety under Dithmenos
   381 | D        | Reached skill level 5 in Short Blades
   381 | D        | Reached skill level 18 in Stealth
   391 | D        | Found Butay's Armour Emporium.
   395 | D        | Bought a +0 robe of cold resistance for 84 gold pieces
   395 | D        | Bought a +0 buckler for 49 gold pieces
   423 | D        | Noticed a centaur warrior
   423 | D        | Noticed a centaur warrior
   425 | D        | Killed a centaur warrior
   425 | D        | Reached skill level 19 in Stealth
   425 | D        | Reached skill level 10 in Spellcasting
   425 | D        | Reached XP level 9. HP: 39/39 MP: 22/24
   427 | D        | Killed a centaur warrior
   427 | D        | Reached skill level 20 in Stealth
   440 | D        | Reached ** piety under Dithmenos
   511 | D        | Noticed an oklob plant
   513 | D        | Killed an oklob plant
   536 | D        | Noticed a kobold demonologist
   537 | D        | Noticed a kobold demonologist
   544 | D        | Gained mutation: You are dopey. (Int -2) [a neqoxec]
   546 | D        | Killed a kobold demonologist
   546 | D        | Reached skill level 21 in Stealth
   546 | D        | Reached XP level 10. HP: 42/44 MP: 7/26
   550 | D        | Reached skill level 15 in Hexes
   896 | D        | Found Rosox's Antique Weapon Boutique.
   904 | D        | Bought a glowing dagger for 40 gold pieces
  1072 | D        | Noticed a shining eye
  1072 | D        | Noticed a shining eye
  1072 | D        | Noticed a shining eye
  1277 | D        | HP: 1/66 [demonic crawler (7)]
  1279 | D        | Mangled by a demonic crawler

Vault maps used:
D:        dungeon_sprint_1

Skill      XL: |  1  2  3  4  5  6  7  8  9 10 |
---------------+-------------------------------+-----
Dodging        | 5 6 7 8 9 |  9.3
Stealth        | 8 10 12 14 16 19 21 | 21.4
Short Blades   | 2 3 4 5 6 |  6.3
Spellcasting   | 4 6 7 9 10 11 | 11.5
Hexes          | 6 8 10 12 13 14 15 | 15.0
Ice Magic      | 1 |  1.3
Fighting       | |  0.1

Action                   |  1- 3 |  4- 6 |  7- 9 | 10-12 || total
-------------------------+-------+-------+-------+-------++-------
Melee: Dagger            |     2 |     4 |     8 |   110 ||   124
 Cast: Ensorcelled Hiber |     3 |     1 |     3 |       ||     7
       Confuse           |       |       |     3 |    15 ||    18
       Dazzling Spray    |       |       |       |     3 ||     3
Invok: Shadow Step       |       |       |     1 |       ||     1
  Use: Potion            |     1 |       |       |     4 ||     5
       Scroll            |       |       |       |     3 ||     3
 Stab: Sleeping          |     2 |     4 |     7 |       ||    13
       Confused          |       |       |     1 |     1 ||     2
       Distracted        |       |       |       |     1 ||     1
Armor: Robe              |       |       |     3 |     1 ||     4
Dodge: Dodged            |       |       |    20 |    89 ||   109
